 Dungeon Crawl Stone Soup version 0.30-a0-937-ga0a21ad780 (webtiles) character file.

Game seed: 18309405486263179140

47 BlueFish the Grasshopper (level 3, -3/24 HPs)
             Began as an Octopode Warper on Mar 24, 2023.
             Slain by a hobgoblin (6 damage)
             ... led by Robin
             ... on level 2 of the Dungeon.
             The game lasted 00:01:55 (1362 turns).

BlueFish the Grasshopper (Octopode Warper)          Turns: 1362, Time: 00:01:56

Health: -3/24      AC:  1    Str: 12    XL:     3   Next: 70%
Magic:  6/6        EV: 13    Int: 15    God:
Gold:   75         SH:  0    Dex: 11    Spells: 2/6 levels left

rFire   . . .      SeeInvis .      - Unarmed
rCold   . . .      Faith    .    (no shield)
rNeg    . . .      Spirit   .    (helmet restricted)
rPois   .          Reflect  .    (no amulet)
rElec   .          Rampage  .    (no ring)
rCorr   .                        (no ring)
Will    .....                    (no ring)
Stlth   +++                      (no ring)
HPRegen 0.24/turn                (no ring)
MPRegen 0.10/turn                (no ring)
                                 (no ring)
                                 (no ring)

@: no status effects
A: almost no armour, amphibious, 8 rings, camouflage 1, gelatinous body 1,
(nimble swimmer 1), tentacles
a: no special abilities


You were on level 2 of the Dungeon.
You visited 1 branch of the dungeon, and saw 2 of its levels.

You collected 75 gold pieces.

Inventory:

Missiles
 b - 7 boomerangs of dispersal
 g - 2 silver boomerangs
 i - 31 stones (quivered)
Jewellery
 d - a ring of poison resistance
Scrolls
 a - a scroll of blinking
 c - 2 scrolls of vulnerability {unknown}
 e - a scroll of silence {unknown}
 j - 2 scrolls of identify {unknown}
 n - a scroll of amnesia {unknown}
Potions
 f - a potion of degeneration {unknown}
 h - a potion of attraction {unknown}
 k - 3 potions of curing {unknown}
 l - a potion of heal wounds {unknown}
 m - a potion of might {unknown}
 o - a potion of mutation {unknown}


   Skills:
 + Level 2.2 Fighting
 + Level 1.3 Throwing
 + Level 2.5 Dodging
 * Level 2.6 Stealth
 + Level 2.2 Unarmed Combat
 + Level 2.2 Spellcasting
 + Level 3.2 Translocations


You had 2 spell levels left.
You knew the following spells:

 Your Spells              Type           Power      Damage    Failure   Level
a - Blink                 Tloc           22%        N/A       9%          2
b - Lesser Beckoning      Tloc           22%        N/A       9%          2

Your spell library contained the following spells:

 Spells                   Type           Power      Damage    Failure   Level
 Teleport Other           Tloc           11%        N/A       17%         3
 Vhi's Electric Charge    Tloc/Air       12%        N/A       32%         3
 Manifold Assault         Tloc           11%        N/A       50%         4


Dungeon Overview and Level Annotations

Branches:
Dungeon (2/15)

Altars:

Shops:
D:1 *(([=

Annotations:
D:2 exclusion: gnoll, Robin


Innate Abilities, Weirdness & Mutations

You cannot wear most types of armour.
You are amphibious.
You can wear up to eight rings at the same time.
Your skin changes colour to match your surroundings (Stealth+).
Your rubbery body absorbs attacks. (AC +1, EV +1)
((You are camouflaged when in or above water. (Stealth+)))
You have tentacles for arms and can constrict up to eight enemies at once.


Message History

Robin, a hobgoblin and a goblin come into view.
A goblin comes into view. It is wielding a +0 club.
The goblin shouts!
A hobgoblin comes into view.
Robin throws the goblin at you! The goblin closely misses you.
The goblin shouts!
You tentacle-slap the goblin. You grab the goblin. You squeeze the goblin.
You kill the goblin!
A hobgoblin comes into view.
You tentacle-slap the goblin. Your grab misses the goblin.
The goblin is severely wounded.
The goblin hits you with a +0 club.
You tentacle-slap the goblin.
You kill the goblin!
Robin throws the goblin at you!
You barely miss the goblin. Your grab misses the goblin.
The goblin barely misses you. The hobgoblin barely misses you.
Robin roars a battlecry!
The goblins go into a battle-frenzy!
You closely miss the hobgoblin. You grab the hobgoblin.
You constrict the hobgoblin, but do no damage.
The goblin hits you with a +0 club. The hobgoblin completely misses you.
You tentacle-slap the hobgoblin but do no damage.
You constrict the hobgoblin. The goblin hits you with a +0 club.
The hobgoblin hits you.
You tentacle-slap the hobgoblin.
The hobgoblin is severely wounded.
You constrict the hobgoblin. The goblin barely misses you.
The hobgoblin closely misses you.
You tentacle-slap the hobgoblin but do no damage.
The hobgoblin is almost dead.
You constrict the hobgoblin.
You kill the hobgoblin!
The goblin hits you with a +0 club.
You tentacle-slap the hobgoblin. You grab the hobgoblin.
The hobgoblin is severely wounded.
You constrict the hobgoblin. The goblin hits you with a +0 club!
* * * LOW HITPOINT WARNING * * *
Robin barely misses you. The hobgoblin hits you.
You die...

#.# #.##.###.....##
#.# #.##.##.......#
#.# #.##..††..)...#
#.# #.#####.......#
####.# #.# ##...[.##
.....#
#.#######....#
...### .........#.#
...# ##########.#
...#####
#ggg@g..##.# ###
........
....g#####.##.###.##
#.###### ###
#.##....#.# #.#
#.######.## ..# #.#
#.# ..###### #.# #.#
.......# #.#
####.#### .#####.#
#.# #.......# .# #.#
#.# #.#####.#


You could see Robin, 3 hobgoblins and a goblin (strong).

Vanquished Creatures
  4 dart slugs
  3 endoplasms
  A giant cockroach (D:1)
  8 goblins
  4 hobgoblins
  2 quokkas
  A ball python (D:1)
  3 bats
  5 kobolds
  2 rats (D:2)
33 creatures vanquished.

Notes
Turn   | Place    | Note
-------+----------+-------------------------------------------
     0 | D:1      | BlueFish the Octopode Warper began the quest for the Orb.
     0 | D:1      | Reached XP level 1. HP: 14/14 MP: 3/3
    85 | D:1      | Reached skill level 1 in Stealth
   103 | D:1      | Reached XP level 2. HP: 14/19 MP: 5/5
   106 | D:1      | Learned a level 2 spell: Blink
   109 | D:1      | Learned a level 2 spell: Lesser Beckoning
   538 | D:1      | Found Kasec's Jewellery Shoppe.
   596 | D:1      | Found Dourodum's Antique Armour Boutique.
   627 | D:1      | Reached XP level 3. HP: 23/24 MP: 6/6
   749 | D:1      | Found Yblaleliuho's Weapon Shoppe.
   754 | D:1      | Found Keyxt's Assorted Antiques.
   813 | D:1      | Found Reulomat's Antique Weapon Boutique.
  1351 | D:2      | Noticed Robin
  1362 | D:2      | Slain by a hobgoblin

Illustrated notes

Levels and vault maps discovered:
D:1:      dpeg_arrival_morbid_curiosity, layout_basic, serial_shops, shop,
          nicolae_shop_hallway_stairs, shop, shop, nicolae_shop_hallway_plus
D:2:      layout_loops_ring, uniq_robin

Skill      XL: |  1  2 |
---------------+-------+-----
Stealth        | 1 2 |  2.6
Fighting       | |  2.2
Throwing       | |  1.3
Dodging        | |  2.5
Unarmed Combat | |  2.2
Spellcasting   | |  2.2
Translocations | |  3.2

Action                     || total
---------------------------++-------
  Melee: Unarmed           ||    74
         Constrict         ||    26
         Tentacles         ||    22
         Punch             ||     2
   Stab: Sleeping          ||     5
 Armour: Skin              ||     3
  Dodge: Dodged            ||    36

Table legend: (Time is in decaauts)
 A = Elapsed time spent in this place.
 B = Non-inter-level travel time spent in this place.
 C = Inter-level travel time spent in this place.
 D = Time resting spent in this place.
 E = Time spent auto-exploring this place.
 F = Levels seen in this place.
 G = Mean time per level.
                   A        B        C        D        E       F      G
               +--------+--------+--------+--------+--------+-----+--------+
         Total |   1359 |   1282 |     77 |      0 |   1068 |   2 |  679.5 |
       Dungeon |   1359 |   1282 |     77 |      0 |   1068 |   2 |  679.5 |
               +--------+--------+--------+--------+--------+-----+--------+

Top non-repeatable levels by time:
     D:1: 990 daAuts
     D:2: 368 daAuts
